 Dungeon Crawl Stone Soup version 0.24.0-37-gcf1ca852f1 (webtiles) character file.

Game seed: 6099846861382559350, levelgen mode: deterministic

315 PentaManta the Slasher (level 6, -8/63 HPs)
             Began as an Octopode Fighter on Dec 5, 2019.
             Mangled by an orc
             ... wielding a +0 flail
              (11 damage)
             ... on level 4 of the Dungeon.
             The game lasted 00:05:33 (3139 turns).

PentaManta the Slasher (Octopode Fighter)           Turns: 3139, Time: 00:05:33

Health: -8/63      AC:  1    Str: 20    XL:     6   Next: 43%
Magic:  6/6        EV: 12    Int: 10    God:
Gold:   301        SH:  9    Dex: 14    Spells: 5/5 levels left

rFire    . . .     SeeInvis .   r - +2 short sword (speed)
rCold    . . .     Gourm    .   b - +0 shield
rNeg     . . .     Faith    .   (helmet restricted)
rPois    .         Spirit   .   (no amulet)
rElec    .         Reflect  .   (no ring)
rCorr    .         Harm     .   (no ring)
MR       .....                  (no ring)
Stlth    ..........             (no ring)
HPRegen  0.20/turn              (no ring)
MPRegen  0.10/turn              (no ring)
                                (no ring)
                                (no ring)

@: berserking, very quick
A: almost no armour, stealthy swim, amphibious, 8 rings, constrict 8, camouflage
1, gelatinous body 1
a: no special abilities


You were on level 4 of the Dungeon.
You were not hungry.

You visited 1 branch of the dungeon, and saw 4 of its levels.

You collected 301 gold pieces.

Inventory:

Hand Weapons
 a - a +0 long sword
 r - a +2 short sword of speed (weapon)
Missiles
 o - 6 poisoned darts (quivered)
Armour
 b - a +0 shield (worn)
Jewellery
 q - an uncursed ring of fire {unknown}
 s - a cursed ring of attention {unknown}
Scrolls
 e - 4 scrolls of remove curse {unknown}
 f - 3 scrolls of identify {unknown}
 h - 3 scrolls of enchant armour {unknown}
 i - 2 scrolls of magic mapping {unknown}
 j - a scroll of noise {unknown}
 k - a scroll of fog {unknown}
 l - 2 scrolls of teleportation {unknown}
Potions
 c - 4 potions of might
 n - a potion of curing {unknown}
 p - a potion of agility {unknown}
Comestibles
 d - 6 rations
 g - 2 chunks of flesh


   Skills:
 - Level 3.0 Fighting
 + Level 6.6 Long Blades
 - Level 3.0 Dodging
 - Level 3.0 Shields


You had 5 spell levels left.
You didn't know any spells.
Your spell library was empty.

Dungeon Overview and Level Annotations

Branches:
Dungeon (4/15)
 Temple: D:4-7

Altars:
Makhleb
Wu Jian
Yredelemnul
Zin
The Shining One

Annotations:
D:2 exclusion: ice beast


Innate Abilities, Weirdness & Mutations

You cannot wear most types of armour.
You are very stealthy in the water. (Stealth+)
You are amphibious.
You can wear up to eight rings at the same time.
You can use your tentacles to constrict eight enemies at once.
Your skin changes colour to match your surroundings (Stealth+).
Your rubbery body absorbs attacks. (AC +1, EV +1)


Message History

The gnoll barely misses you. The gnoll closely misses you.
The gnoll hits you with a +0 club!
* * * LOW HITPOINT WARNING * * *
A phantom comes into view.
The gnoll hits you from afar with a +0 halberd!
* * * LOW HITPOINT WARNING * * *
The gnoll closely misses you. The gnoll misses you.
Sorry, you're not good enough to have a special ability.
Okay, then.
It was a potion of berserk rage.
A red film seems to cover your vision as you go berserk!
You feel yourself moving faster!
You feel mighty! You block the orc's attack.
You barely miss the gnoll. You grab the gnoll.
You constrict the gnoll, but do no damage.
You block the gnoll's attack.
The phantom blinks!
You hit the gnoll. You squeeze the gnoll!
You kill the gnoll!
The orc hits you with a +0 flail!
You die...

###'## ##....#
#...W.# #..... #.....
#...# #.
##...############.##+
#...@)g.........#....
#...oo..........#....
#....ogo........#....
#...............#....
#......<........+....
##....###..##..##....
############..##o..g
#[.....o..#o.o.
#.......g.#og..


You could see a phantom, 2 gnolls and 4 orcs.

Vanquished Creatures
  Sigmund (D:3)
  An orc wizard (D:4)
  A gnoll (D:4)
  3 adders
  An ooze (D:1)
  A worm (D:2)
  A dart slug (D:1)
  2 leopard geckos
  5 orcs (D:3)
  2 giant cockroaches (D:1)
  9 goblins
  10 hobgoblins
  5 jackals (D:3)
  10 kobolds
  3 quokkas
  A ball python (D:3)
  5 bats
  7 frilled lizards
  8 rats
  A spectral orc (D:3)
77 creatures vanquished.

Vanquished Creatures (others)
  4 toadstools (D:3)
4 creatures vanquished.

Grand Total: 81 creatures vanquished

Notes
Turn   | Place    | Note
-------+----------+-------------------------------------------
     0 | D:1      | PentaManta the Octopode Fighter began the quest for the
                  | Orb.
     0 | D:1      | Reached XP level 1. HP: 16/16 MP: 1/1
   138 | D:1      | Reached XP level 2. HP: 21/21 MP: 2/2
   190 | D:1      | Reached skill level 3 in Long Blades
   270 | D:1      | Reached XP level 3. HP: 25/26 MP: 3/3
   951 | D:2      | Noticed an ice beast
  1139 | D:2      | Reached skill level 4 in Long Blades
  1437 | D:2      | Reached XP level 4. HP: 31/31 MP: 4/4
  1744 | D:2      | Found a burning altar of Makhleb.
  1746 | D:2      | Found a glowing silver altar of Zin.
  1746 | D:2      | Noticed an angel
  1747 | D:2      | Noticed an Executioner
  2071 | D:2      | Found an ornate altar of the Wu Jian Council.
  2577 | D:3      | Found a basalt altar of Yredelemnul.
  2807 | D:3      | Reached skill level 5 in Long Blades
  2807 | D:3      | Reached XP level 5. HP: 36/36 MP: 5/5
  2889 | D:3      | Noticed Sigmund
  2900 | D:3      | Killed Sigmund
  2900 | D:3      | Reached skill level 6 in Long Blades
  2900 | D:3      | Reached XP level 6. HP: 37/42 MP: 6/6
  3097 | D:4      | Found a glowing golden altar of the Shining One.
  3135 | D:4      | Noticed a phantom
  3135 | D:4      | HP: 1/42 [gnoll/+0 halberd (10)]
  3139 | D:4      | Mangled by an orc

Levels and vault maps discovered:
D:1:      zaba_arrival_water, layout_basic, minmay_heptomino_l4
D:2:      layout_basic, nicolae_overflow_hidden_temple,
          grunt_temple_overflow_order_and_chaos_2
D:3:      layout_basic, yredelemnul_forgotten_temple_becter,
          minmay_gold_behind_fungi, chequers_mini_garden, serial_park_tiny_1,
          uniq_sigmund
D:4:      layout_gridville, overflow_temple_1_default,
          minmay_temple_entry_trees, first_ration

Skill      XL: |  1  2  3  4  5 |
---------------+----------------+-----
Long Blades    | 3 4 5 6 |  6.6
Fighting       | |  3.0
Dodging        | |  3.0
Shields        | |  3.0

Action                   |  1- 3 |  4- 6 || total
-------------------------+-------+-------++-------
Melee: Long sword        |     8 |       ||     8
       Dagger            |    81 |    84 ||   165
       Constrict         |    23 |    29 ||    52
       Tentacles         |    18 |    22 ||    40
       Short sword       |       |    16 ||    16
  Use: Potion            |       |     1 ||     1
 Stab: Sleeping          |     4 |     6 ||    10
  Eat: Chunk             |     2 |     5 ||     7
Armor: Skin              |     5 |     8 ||    13
Dodge: Dodged            |    28 |    44 ||    72
Block: Shield            |    28 |    47 ||    75
